 Dungeon Crawl Stone Soup version 0.16.2-12-gd0ad4c3 (webtiles) character file.

168 faibistes the Magician (level 5, -3/42 HPs)
             Began as a Deep Elf Wizard on Sept 28, 2018.
             Was an Initiate of Sif Muna.
             Slain by a mummy (8 damage)
             ... in an ossuary.
             The game lasted 00:07:26 (2597 turns).

faibistes the Magician (Deep Elf Wizard)            Turns: 2597, Time: 00:07:26

Health: -3/42      AC: 22    Str:  4    XL:     5   Next: 23%
Magic:  5/20       EV:  2    Int: 24    God:    Sif Muna [......]
Gold:   73         SH:  0    Dex: 13    Spells: 6 memorised, 3 levels left

rFire  . . .     SeeInvis .     l - +1 short sword (venom)
rCold  . . .     Clarity  .     a - melded +0 robe
rNeg   + + +     SustAb   .     (no shield)
rPois  +         Gourm    .     b - melded +0 hat (curse)
rElec  .         Spirit   .     (cloak currently unavailable)
rCorr  .         Warding  .     (gloves currently unavailable)
rMut   .         NoTele   +     (boots currently unavailable)
MR     .....                    (no amulet)
Stlth  +++.......               (no ring)
                                p - ring of wizardry

@: tree-form, very slightly contaminated, hasted (expiring), repel missiles,
very quick, not resistant to hostile enchantments, fairly stealthy
A: no striking features
a: Renounce Religion


You were in an ossuary.
You worshipped Sif Muna.
Sif Muna was noncommittal.
You were very hungry.
You were a tree.
You visited 1 branch of the dungeon, and saw 4 of its levels.
You also visited: Ossuary.

You collected 73 gold pieces.

Inventory:

Hand weapons
 e - a +0 dagger
 l - a +1 short sword of venom (weapon)
Armour
 a - a +0 robe (melded)
 b - a cursed +0 hat (melded)
Jewellery
 p - a ring of wizardry (left branch)
Magical devices
 o - a wand of slowing (24)
Scrolls
 h - a scroll of remove curse {unknown}
 k - 2 scrolls of identify
 q - a scroll of fog {unknown}
Books
 c - a book of Minor Magic

   Spells                             Type                      Level
   a - Magic Dart                     Conjuration                  1
   b - Blink                          Translocation                2
   c - Call Imp                       Summoning                    2
   d - Repel Missiles                 Charms/Air                   2
   e - Slow                           Hexes                        2
   f - Conjure Flame                  Conjuration/Fire             3
   g - Mephitic Cloud                 Conjuration/Poison/Air       3
Comestibles
 d - 2 bread rations
 f - a slice of pizza
 i - a fruit


   Skills:
 + Level 3.7 Dodging
 - Level 2.4 Stealth
 * Level 6.2 Spellcasting
 * Level 3.5 Conjurations
 - Level 1.1 Summonings
 - Level 1.1 Translocations


You had 3 spell levels left.
You knew the following spells:

 Your Spells              Type           Power        Failure   Level  Hunger
a - Magic Dart            Conj           ###.         1%          1    None
b - Conjure Flame         Conj/Fire      ###.....     6%          3    #......
c - Call Imp              Summ           ##......     4%          2    None
d - Blink                 Tloc           N/A          4%          2    None
e - Mephitic Cloud        Conj/Pois/Air  ##......     7%          3    #......
f - Repel Missiles        Chrm/Air       #.....       4%          2    None


Dungeon Overview and Level Annotations

Branches:
Dungeon (4/15)
 Temple: D:4-7

Altars:
Cheibriados
Qazlal
Sif Muna


Message History

You feel nervous for a moment...
Your +0 hat glows black for a moment.
Your crimson imp closely misses the kobold zombie.
The kobold zombie closely misses your crimson imp.
The orc zombie closely misses your crimson imp.
You hit the mummy.
The mummy is moderately damaged.
Your crimson imp blinks!
The orc zombie barely misses you.
Your crimson imp barely misses the kobold zombie.
You barely miss the mummy.
The mummy is moderately damaged.
The orc zombie closely misses your crimson imp.
The kobold zombie barely misses your crimson imp.
Your crimson imp hits the kobold zombie.
The kobold zombie is destroyed!
The orc zombie hits you.
* * * LOW HITPOINT WARNING * * *
The mummy hits you!
You die...

#..# #...# #..#
#...#
#.####ZZ####.#...#
#.ZZ.........#...#
#.......####.#...#
#......M# #...#
#.......# #Z..#
#.....∩Z# #5MZ#
####+.... #.♣.#
#...## #...# #...#
#...#
.##############..§#
..................#
.......∩∩.........#
###################


You could see a mummy, 2 orc zombies and a friendly crimson imp.

Vanquished Creatures
  A scorpion (D:4)
  A centaur zombie (Ossuary)
  A mummy (Ossuary)
  A ball python (D:1)
  7 bats
  5 goblins
  7 hobgoblins
  3 jackals (D:1)
  8 kobolds
  A giant cockroach (D:1)
  2 giant geckos
  2 giant newts
  5 hobgoblin zombies (Ossuary)
  A jackal zombie (Ossuary)
  4 kobold zombies (Ossuary)
  8 orc zombies (Ossuary)
  3 rats (D:1)
  A rat zombie (Ossuary)
61 creatures vanquished.

Vanquished Creatures (collateral kills)
  A gnoll (D:2)
  An adder zombie (Ossuary)
  An orc (D:2)
  2 hobgoblins (D:2)
  2 jackals (D:1)
  A goblin zombie (Ossuary)
  A hobgoblin zombie (Ossuary)
  A kobold zombie (Ossuary)
  2 orc zombies (Ossuary)
  A rat zombie (Ossuary)
13 creatures vanquished.

Vanquished Creatures (others)
  A white imp (Ossuary)
1 creature vanquished.

Grand Total: 75 creatures vanquished

Notes
Turn   | Place    | Note
--------------------------------------------------------------
     0 | D:1      | faibistes, the Deep Elf Wizard, began the quest for the Orb.
     0 | D:1      | Reached XP level 1. HP: 10/10 MP: 6/6
   334 | D:1      | Reached XP level 2. HP: 15/15 MP: 7/10
   365 | D:1      | Learned a level 2 spell: Blink
   368 | D:1      | Learned a level 2 spell: Call Imp
   791 | D:1      | Reached skill level 5 in Spellcasting
   941 | D:1      | Reached XP level 3. HP: 19/19 MP: 10/14
   949 | D:1      | Learned a level 3 spell: Conjure Flame
   953 | D:1      | Learned a level 3 spell: Mephitic Cloud
  1785 | D:2      | Found a snail-covered altar of Cheibriados.
  1946 | D:2      | Found a deep blue altar of Sif Muna.
  1947 | D:2      | Found a stormy altar of Qazlal.
  1954 | D:2      | Became a worshipper of Sif Muna the Loreminder
  2025 | D:4      | Noticed a scorpion
  2036 | D:4      | Killed a scorpion
  2036 | D:4      | Reached XP level 4. HP: 24/24 MP: 2/17
  2040 | D:4      | Learned a level 2 spell: Repel Missiles
  2137 | D:4      | Found a sand-covered staircase.
  2147 | Ossuary  | Entered an ossuary
  2545 | Ossuary  | Reached skill level 6 in Spellcasting
  2545 | Ossuary  | Reached XP level 5. HP: 12/28 MP: 6/20
  2597 | Ossuary  | Slain by a mummy

Action                   |  1- 3 |  4- 6 || total
-------------------------+-------+-------++-------
Melee: Short sword       |     7 |    32 ||    39
 Cast: Magic Dart        |    92 |    37 ||   129
       Call Imp          |     6 |     9 ||    15
       Mephitic Cloud    |     1 |       ||     1
       Conjure Flame     |       |     4 ||     4
       Repel Missiles    |       |     1 ||     1
Evoke: Wand              |       |     1 ||     1
  Use: Scroll            |       |     1 ||     1
       Potion            |       |     3 ||     3
 Stab: Distracted        |       |     1 ||     1
  Eat: Chunk             |     3 |       ||     3
       Fruit             |       |     1 ||     1
